 Dungeon Crawl Stone Soup version 0.32-a0-630-g46d191b (webtiles) character file.

Game seed: 2305517305799001020

80 awe1100 the Charlatan (level 4, 0/32 HPs)
             Began as a Coglin Artificer on Mar 6, 2024.
             Slain by Crazy Yiuf the killer bee (1 damage)
             ... on level 2 of the Dungeon.
             The game lasted 00:02:58 (1565 turns).

awe1100 the Charlatan (Coglin Artificer)            Turns: 1565, Time: 00:03:00

Health: 0/32       AC:  7    Str: 14    XL:     4   Next: 39%
Magic:  4/4        EV:  9    Int: 11    God:
Gold:   91         SH:  0    Dex: 14    Spells: 3/3 levels left

rFire   . . .        k - +0 war axe {Gustavo}
rCold   . . .        f - +0 dagger {Sextus}
rNeg    . . .        p - +0 scale mail
rPois   .            (no helmet)
rElec   .            (no cloak)
rCorr   .            l - +0 pair of gloves
SInv    .            (no boots)
Will    .....        (amulet unavailable) Stlth
                     (ring unavailable)
HPRegen 0.25/turn    (ring unavailable)
MPRegen 0.09/turn    (no gizmo)

%: no passive effects
@: lethally poisoned (0 -> -6), revving
A: off-hand wielding, slow wielding, warmup strikes, no jewellery
a: Invent Gizmo


You were on level 2 of the Dungeon.
You visited 1 branch of the dungeon, and saw 2 of its levels.

You collected 91 gold pieces.

Inventory:

Hand Weapons
 f - a +0 dagger (offhand) {Sextus}
 k - a +0 war axe (weapon) {Gustavo}
Armour
 l - a +0 pair of gloves (worn)
 p - a +0 scale mail (worn)
Wands
 c - a wand of flame (15) (quivered)
 d - a wand of charming (15)
 e - a wand of iceblast (5)
 o - a wand of polymorph (4)
Scrolls
 h - 2 scrolls of identify {unknown}
 j - a scroll of blinking {unknown}
 m - a scroll of enchant weapon {unknown}
Potions
 a - 3 potions of curing {unknown}
 b - 2 potions of haste {unknown}
 g - 2 potions of degeneration {unknown}
 i - a potion of enlightenment {unknown}
 n - a potion of heal wounds {unknown}


   Skills:
 - Level 1.0 Fighting
 + Level 1.9 Axes
 - Level 1.7 Armour
 - Level 0.8 Dodging
 - Level 0.7 Stealth
 + Level 6.0 Evocations


You had 3 spell levels left.
You didn't know any spells.
Your spell library was empty.

Dungeon Overview and Level Annotations

Branches:
Dungeon (2/15)

Altars:

Shops:
D:2 =

Annotations:
D:2 Crazy Yiuf


Innate Abilities, Weirdness & Mutations

You can wield a second weapon in your off-hand.
It takes a long time for you to wield or remove held weapons.
Your first few attacks do less damage.
You cannot equip rings or amulets.


Message History

No target in view!
No target in view!
No target in view!
No target in view!
No target in view!
No target in view!
No target in view!
No target in view!
No target in view!
You open the door.
Crazy Yiuf zaps a wand.
The puff of flame hits you.
Aiming: Polymorph
Press: ? - help, Shift-Dir - straight line, f - Crazy Yiuf
Aim: Crazy Yiuf, wielding a +3 quarterstaff of chaos, wearing a +0 cloak and carrying a wand of flame (will become an adder, a hound, or a killer bee, chance to affect: 72%) Crazy Yiuf struggles to resist.
Crazy Yiuf zaps a wand.
The puff of flame hits you!
As you close the door, it creaks loudly!
Crazy Yiuf opens the door.
Aiming: Polymorph
Press: ? - help, Shift-Dir - straight line, f/p - Crazy Yiuf
Aim: Crazy Yiuf, wielding a +3 quarterstaff of chaos, wearing a +0 cloak and carrying a wand of flame (will become an adder, a hound, or a killer bee, chance to affect: 72%) Crazy Yiuf evaporates and reforms as a killer bee!
Crazy Yiuf stings you but does no damage.
You completely miss Crazy Yiuf with your +0 dagger.
You hit Crazy Yiuf with your +0 war axe.
Crazy Yiuf closely misses you. Crazy Yiuf stings you!
You are poisoned.
Crazy Yiuf poisons you!
You barely miss Crazy Yiuf with your +0 dagger.
Crazy Yiuf is moderately wounded.
You slash Crazy Yiuf with your +0 war axe!
You feel very sick.
Crazy Yiuf stings you but does no damage.
Crazy Yiuf closely misses you.
You barely miss Crazy Yiuf with your +0 dagger.
Crazy Yiuf is severely wounded.
You closely miss Crazy Yiuf with your +0 war axe.
You feel sick. Crazy Yiuf stings you!
* * * LOW HITPOINT WARNING * * *
Crazy Yiuf stings you.
You die...

######### #.......# #####
#†......# #..)# #.......# #...#
#<.....[# .). #.......# #y#
#.......# ##@# ####.#### ### #.##
####.# ..##### ##.# #....#
#.....## #.## #.>..## #####..#
##.## #.....###### ### ##.#####
#.PP## #..........# ..####.....#
#..PP# #.....####.# #..)######.#
#....# #...........
###....###.###....####.....P♣~~~.


You could see Crazy Yiuf the killer bee.

Vanquished Creatures
  Terence (D:2)
  An adder (D:2)
  A dart slug (D:2)
  2 bats
  2 endoplasms
  A giant cockroach (D:2)
  7 goblins
  7 hobgoblins
  3 kobolds (D:1)
  2 quokkas (D:1)
  6 ball pythons
  3 frilled lizards
  3 rats
39 creatures vanquished.

Notes
Turn   | Place    | Note
-------+----------+-------------------------------------------
     0 | D:1      | awe1100 the Coglin Artificer began the quest for the Orb.
     0 | D:1      | Reached XP level 1. HP: 15/15 MP: 1/1
   153 | D:1      | Reached XP level 2. HP: 20/21 MP: 2/2
   244 | D:1      | Reached skill level 5 in Evocations
   473 | D:1      | Reached XP level 3. HP: 19/26 MP: 3/3
   545 | D:1      | Found a faded altar of an unknown god.
  1093 | D:2      | Reached skill level 1 in Axes
  1151 | D:2      | Noticed Terence
  1161 | D:2      | Killed Terence
  1162 | D:2      | Reached XP level 4. HP: 27/32 MP: 4/4
  1312 | D:2      | Reached skill level 6 in Evocations
  1407 | D:2      | Found Nidiuge's Jewellery Emporium.
  1532 | D:2      | Found a runed translucent door.
  1533 | D:2      | Noticed Crazy Yiuf
  1562 | D:2      | Crazy Yiuf changed into Crazy Yiuf the killer bee
  1562 | D:2      | Noticed Crazy Yiuf
  1565 | D:2      | HP: 1/32 [Crazy Yiuf the killer bee (8)]
  1565 | D:2      | Slain by Crazy Yiuf the killer bee

Illustrated notes

Levels and vault maps discovered:
D:1:      minmay_arrival_pointy, layout_basic, shapermc_ecumenical_altar_petra,
          hangedman_decor_lopped
D:2:      layout_rooms, serial_shops, nicolae_square_shop,
          guppyfry_early_lair_pool, uniq_terence, uniq_crazy_yiuf_cottage

Skill      XL: |  1  2  3  4 |
---------------+-------------+-----
Evocations     | 5 6 |  6.0
Axes           | 1 |  1.9
Fighting       | |  1.0
Armour         | |  1.7
Dodging        | |  0.8
Stealth        | |  0.7

Action                     |  1- 3 |  4- 6 || total
---------------------------+-------+-------++-------
  Melee: Dagger            |    69 |    27 ||    96
         Club              |    34 |       ||    34
         War axe           |    36 |    28 ||    64
         Unarmed           |     2 |       ||     2
  Evoke: Wand              |       |     2 ||     2
   Stab: Sleeping          |     2 |       ||     2
 Armour: Leather armour    |    46 |       ||    46
         Scale mail        |       |    22 ||    22
  Dodge: Dodged            |    54 |    20 ||    74

Table legend: (Time is in decaauts)
 A = Elapsed time spent in this place.
 B = Non-inter-level travel time spent in this place.
 C = Inter-level travel time spent in this place.
 D = Time resting spent in this place.
 E = Time spent auto-exploring this place.
 F = Levels seen in this place.
 G = Mean time per level.
                   A        B        C        D        E       F      G
               +--------+--------+--------+--------+--------+-----+--------+
         Total |   1585 |   1576 |      9 |     24 |   1205 |   2 |  792.5 |
       Dungeon |   1585 |   1576 |      9 |     24 |   1205 |   2 |  792.5 |
               +--------+--------+--------+--------+--------+-----+--------+

Top non-repeatable levels by time:
     D:1: 1002 daAuts
     D:2: 583 daAuts
